 Dungeon Crawl Stone Soup version 0.27-a0-1359-ga2a4dfd6fd (webtiles) character file.

Game seed: 10557497083674375401

29 Brandom the Skirmisher (level 3, -2/36 HPs)
             Began as a Troll Delver on June 28, 2021.
             Slain by a yak (6 damage)
             ... while paralysed by Grinder
             ... on level 5 of the Dungeon.
             The game lasted 00:00:57 (76 turns).

Brandom the Skirmisher (Troll Delver)                 Turns: 76, Time: 00:00:58

Health: -2/36      AC:  4    Str: 20    XL:     3   Next: 1%
Magic:  2/2        EV:  1    Int:  6    God:
Gold:   27         SH:  0    Dex: 12    Spells: 2/2 levels left

rFire    . . .     SeeInvis .     - Unarmed
rCold    . . .     Faith    .   (no shield)
rNeg     . . .     Spirit   .   a - +0 robe
rPois    .         Reflect  .   (helmet restricted)
rElec    .         Harm     .   (no cloak)
rCorr    .         Rampage  .   (gloves unavailable)
Will     .....                  (boots unavailable)
Stlth    ++........             (no amulet)
HPRegen  1.12/turn              (no ring)
MPRegen  0.08/turn              (no ring)

@: paralysed
A: large, unfitting armour, claws 3, regeneration 1, shaggy fur 1, tough skin 1
a: no special abilities


You were on level 5 of the Dungeon.
You visited 1 branch of the dungeon, and saw 1 of its levels.

You collected 27 gold pieces.

Inventory:

Armour
 a - a +0 robe (worn)
Wands
 v - a wand of digging (3)
Scrolls
 b - a scroll of fog
 c - a scroll of magic mapping
 d - a scroll of fear
Potions
 e - a potion of haste {@q3}


   Skills:
 * Level 2.8 Fighting
 + Level 0.7 Throwing
 + Level 1.8 Dodging
 - Level 2.7 Stealth
 * Level 2.5 Unarmed Combat


You had 2 spell levels left.
You didn't know any spells.
Your spell library was empty.

Dungeon Overview and Level Annotations

Branches:
Dungeon (5/15)
 Temple: D:4-7

Altars:

Annotations:
D:5 Grinder


Innate Abilities, Weirdness & Mutations

You are too large for most types of armour.
You have claws for hands.
Your natural rate of healing is unusually fast.
You are covered in fur. (AC +1)
You have tough skin. (AC +1)


Message History

Options error: Bad channel -- food (~/.crawlrc:4163) Options error: Bad channel -- rotten_meat (~/.crawlrc:4180) Welcome, Brandom the Troll Delver.
Will you prevail where others failed? Will you find the Orb of Zot?
Found 27 gold pieces.
Found a stone staircase leading down.
Found 12 gold pieces and a scroll labelled FUGECY BUINKIA.
You now have 12 gold pieces.
You now have 27 gold pieces (gained 15).
A yak comes into view.
An orc comes into view. It is wielding a +0 club.
The orc shouts!
Unknown command.
A jelly comes into view.
The helpless jelly fails to defend itself.
You scratch the jelly.
Your claws burn!
You claw the jelly!
Your claws burn!
The jelly hits you but does no damage.
You claw the jelly!
You kill the jelly!
The orc closely misses you.
You have reached level 2!
You have reached level 3!
Your experience leads to an increase in your attributes!
Increase (S)trength, (I)ntelligence, or (D)exterity?
You feel agile.
You feel stronger.
A yak comes into view.
A yak comes into view.
Found 16 gold pieces and a club.
The yak barely misses you. 3 yaks come into view.
The yak bellows! x2
The yak gores you!
The yak bellows!
Unknown command.
The yak bellows!
The yak gores you.
Found a scroll of magic mapping.
The yak barely misses you.
Found a stone staircase leading down.
The yak gores you!
* * * LOW HITPOINT WARNING * * *
Grinder comes into view.
The yak gores you!
* * * LOW HITPOINT WARNING * * *
Grinder gestures at you.
You suddenly lose the ability to move!
Found 18 sling bullets.
The yak gores you.
* * * LOW HITPOINT WARNING * * *
The yak gores you but does no damage. The yak gores you.
You die...

######
########....#
............#
............#
.....5>YY...###
.......@YYo...#
.....#.#Y.....#
.... #.#..Y...#
.. #(#......#
#.#......###
#.#........#
#.#....)$..#
#.#........#
#........########


You could see Grinder, 6 yaks and an orc.

Vanquished Creatures
  A jelly (D:5)
1 creature vanquished.

Notes
Turn   | Place    | Note
-------+----------+-------------------------------------------
     0 | D:5      | Brandom the Troll Delver began the quest for the Orb.
     0 | D:5      | Reached XP level 1. HP: 22/22 MP: 0/0
     9 | D:5      | Noticed a yak
    43 | D:5      | Noticed a jelly
    52 | D:5      | Killed a jelly
    53 | D:5      | Reached XP level 2. HP: 28/29 MP: 1/1
    53 | D:5      | Reached XP level 3. HP: 35/36 MP: 2/2
    58 | D:5      | Noticed a yak
    59 | D:5      | Noticed a yak
    62 | D:5      | Noticed a yak
    62 | D:5      | Noticed a yak
    62 | D:5      | Noticed a yak
    71 | D:5      | Noticed Grinder
    74 | D:5      | Paralysed by Grinder for 7 turns
    76 | D:5      | Slain by a yak

Illustrated notes

Levels and vault maps discovered:
D:5:      layout_basic, minmay_temple_entry_offerings, serial_shops,
          nicolae_shop_trees, minmay_misc_feat_secret_circle, uniq_grinder

Action                   || total
-------------------------++-------
Melee: Unarmed           ||     3
 Stab: Sleeping          ||     1
Armor: Robe              ||     2
Dodge: Dodged            ||     3

Table legend: (Time is in decaauts)
 A = Elapsed time spent in this place.
 B = Non-inter-level travel time spent in this place.
 C = Inter-level travel time spent in this place.
 D = Time resting spent in this place.
 E = Time spent auto-exploring this place.
 F = Levels seen in this place.
 G = Mean time per level.
                   A        B        C        D        E       F      G
               +--------+--------+--------+--------+--------+-----+--------+
         Total |     75 |     75 |      0 |      0 |      7 |   1 |   75.0 |
       Dungeon |     75 |     75 |      0 |      0 |      7 |   1 |   75.0 |
               +--------+--------+--------+--------+--------+-----+--------+

Top non-repeatable levels by time:
     D:5: 75 daAuts
